 Dungeon Crawl Stone Soup version 0.26.0-7-g794d0892b4 (webtiles) character file.

Game seed: 15108339148503717693

6640 jackrogers the Grappler (level 10, -29/79 HPs)
             Began as a Troll Fighter on Jan 11, 2021.
             Was an Elder of Hepliaklqana.
             Annihilated by an orc warrior
             ... wielding a +0 glaive
              (32 damage)
             ... on level 1 of the Orcish Mines.
             The game lasted 00:17:25 (7770 turns).

jackrogers the Grappler (Troll Fighter)             Turns: 7770, Time: 00:17:26

Health: -29/79     AC: 11    Str: 29    XL:     10   Next: 72%
Magic:  8/9        EV:  9    Int:  4    God:    Hepliaklqana [****..]
Gold:   779        SH: 12    Dex:  9    Spells: 9/9 levels left

rFire    + . .     SeeInvis .     - Unarmed
rCold    . . .     Faith    .   b - +1 kite shield
rNeg     . . .     Spirit   .   O - +0 acid dragon scales
rPois    .         Reflect  .   A - +1 hat
rElec    .         Harm     .   M - scarf {repulsion}
rCorr    +         Rampage  .   (gloves unavailable)
Will     +....                  (boots unavailable)
Stlth    +.........             (no amulet)
HPRegen  0.63/turn              D - ring of protection from fire {rF+, !d}
MPRegen  0.11/turn              S - ring of willpower

@: repel missiles
A: large, unfitting armour, reduced essence, claws 3, regeneration 1, shaggy fur
1, tough skin 3
a: Renounce Religion, Recall Ancestor, Ancestor Identity, Transference, Idealise


You were on level 1 of the Orcish Mines.
You worshipped Hepliaklqana.
Hepliaklqana was greatly pleased with you.
You visited 3 branches of the dungeon, and saw 12 of its levels.
You also visited: Sewer and Ossuary.

You collected 779 gold pieces.

Inventory:

Hand Weapons
 d - a +0 whip
   (You found it on level 1 of the Dungeon)
 f - a +0 club
   (You took it off a hobgoblin on level 1 of the Dungeon)
 i - the +11 long sword of Paper {pain, rElec rPois Str-5}
   (You found it on level 4 of the Dungeon)

   In the hands of one skilled in necromantic magic, it inflicts extra damage on
   living creatures.
   It affects your strength (-5).
   It insulates you from electricity.
   It protects you from poison.
 l - a +0 club
   (You took it off a goblin on level 1 of the Dungeon)
 m - a +0 dagger
   (You found it on level 1 of the Dungeon)
 o - a +0 short sword
   (You took it off a kobold on level 1 of the Dungeon)
 p - a +0 club
   (You took it off a hobgoblin on level 1 of the Dungeon)
 R - a +0 giant spiked club
   (You took it off an ogre on level 9 of the Dungeon)
Missiles
 j - 281 stones (quivered)
 H - 6 curare-tipped darts
 K - 16 poisoned darts
 L - a throwing net {=f, !d}
Armour
 a - a +0 robe
 b - a +1 kite shield (worn)
 y - a +1 cloak
   (You found it on level 3 of the Dungeon)
 A - a +1 hat (worn)
   (You found it on level 9 of the Dungeon)
 M - a scarf of repulsion (worn)
   (You found it on level 8 of the Dungeon)
 O - +0 acid dragon scales (worn)
   (You found it on level 9 of the Dungeon)
Jewellery
 D - a ring of protection from fire (left claw) {rF+, !d}
   (You found it on level 6 of the Dungeon)
 S - a ring of willpower (right claw)
   (You found it on level 10 of the Dungeon)
Wands
 k - a wand of random effects (30)
   (You took it off Natasha on level 3 of the Dungeon)
 u - a wand of flame (49)
   (You found it on level 2 of the Dungeon)
Scrolls
 n - 4 scrolls of amnesia
 q - 5 scrolls of enchant weapon
 w - 3 scrolls of blinking {!r}
 x - 6 scrolls of teleportation
 C - 3 scrolls of remove curse
 E - a scroll of fear
 G - a scroll of magic mapping {!r}
 N - a scroll of enchant armour
 P - a scroll of identify
 Q - a scroll of fog
Potions
 c - 4 potions of might
 e - 2 potions of ambrosia
 g - 8 potions of curing
 h - 11 potions of heal wounds
 r - 2 potions of invisibility
 s - 2 potions of lignification {unknown}
 t - a potion of mutation {unknown}
 v - 2 potions of degeneration {unknown}
 z - 4 potions of haste
 B - 3 potions of brilliance
 F - a potion of resistance {unknown}
 I - a potion of flight {unknown}
 J - 3 potions of magic


   Skills:
 - Level 2.4 Fighting
 - Level 2.4 Dodging
 + Level 8.4 Shields
 * Level 13.1 Unarmed Combat


You had 9 spell levels left.
You didn't know any spells.
Your spell library contained the following spells:

 Spells                   Type           Power        Failure   Level
 Beastly Appendage        Tmut           0%           61%         1
 Wereblood                Tmut           0%           75%         2
 Confusing Touch          Hex            0%           93%         3
 Gell's Gravitas          Tloc           0%           93%         3
 Spider Form              Tmut/Pois      0%           93%         3
 Ice Form                 Ice/Tmut       0%           100%        4
 Petrify                  Tmut/Erth      0%           100%        4
 Blade Hands              Tmut           0%           100%        5
 Metabolic Englaciation   Hex/Ice        0%           100%        5
 Yara's Violent Unravell  Hex/Tmut       0%           100%        5


Dungeon Overview and Level Annotations

Branches:
Dungeon (10/15)            Temple (1/1) D:4            Lair (0/6) D:9
    Orc (1/2) D:10          Sewer (visited)         Ossuary (visited)

Altars:
Ashenzari
Cheibriados
Dithmenos
Elyvilon
Fedhas
Hepliaklqana
Kikubaaqudgha
Makhleb
Nemelex Xobeh
Okawaru
Qazlal
Ru
Sif Muna
Trog
Uskayaw
Vehumet
Wu Jian
Xom
Yredelemnul
Zin
The Shining One

Shops:
Orc:1 !

Annotations:
D:4 Grinder


Innate Abilities, Weirdness & Mutations

You are too large for most types of armour.
You have claws for hands.
Your natural rate of healing is unusually fast.
You are covered in fur. (AC +1)
You have extremely tough skin. (AC +3)
Your life essence is reduced to manifest your ancestor. (-10% HP)


Message History

The orc warrior barely misses you.
An orc priest comes into view. It is wielding a +0 mace.
Danger x5: orc priest (strong), orc warrior (strong) x3, orc knight!
You claw the orc warrior! The orc barely misses you.
You block the orc's attack. The orc hits you with a +0 flail.
An orc comes into view. It is wielding a +0 hand axe.
The orc knight shoots a bolt.
The bolt barely misses you.
The bolt completely misses the orc.
Daniel Ducassi points at the orc knight and mumbles some strange words.
The puff of frost hits the orc knight!
Danger x5: orc priest (strong), orc warrior (strong) x3, orc knight!
You block the orc's attack. The orc hits you.
You block the orc warrior's attack.
Daniel Ducassi casts a spell at the orc knight.
The stone arrow hits the orc knight.
The orc hits you with a +0 flail!
There is a staircase back to the Dungeon, spattered with blood here.
You see here a bolt.
Danger x5: orc priest (strong), orc warrior (strong) x3, orc knight!
You closely miss the orc.
The orc priest calls upon Beogh to heal the orc warrior.
The orc warrior is healed somewhat.
The orc hits you but does no damage. You block the orc's attack.
The orc warrior hits you from afar with a +0 glaive!
Danger x5: orc priest (strong), orc warrior (strong) x3, orc knight!
You are too injured to fight recklessly!
Danger x5: orc priest (strong), orc warrior (strong) x3, orc knight!
Unknown command.
Danger x5: orc priest (strong), orc warrior (strong) x3, orc knight!
You block the orc's attack. x2
Daniel Ducassi hits the orc with a +0 quarterstaff!!
The orc dies!
You climb upwards.
Welcome back to the Dungeon!
There is a staircase to the Orcish Mines here.
Unknown command.
You claw the orc!
You kill the orc!
The orc barely misses you. x2
You mangle the orc!!
You kill the orc!
You barely miss the orc. The orc hits you.
You claw the orc!
You kill the orc!
You start resting.
There is a staircase to the Orcish Mines here.
Daniel Ducassi is recalled.
You climb downwards.
Welcome back to the Orcish Mines!
The orc warrior hits you but does no damage.
The orc knight shoots a bolt.
The bolt barely misses you.
The orc priest begins to cast a cantrip, but forgets the words!
The orc warrior hits you from afar with a +0 glaive.
There is a staircase back to the Dungeon, spattered with blood here.
You see here 2 bolts.
Danger x6: orc knight, orc priest, orc warrior x4!
The orc knight shoots a bolt.
The bolt barely misses you. The orc warrior barely misses you.
Daniel Ducassi casts a spell at the orc warrior.
The puff of frost hits the orc warrior.
The orc warrior closely misses you.
The orc warrior hits you with a +0 mace.
Daniel Ducassi hits the orc warrior with a +0 quarterstaff.
Danger x6: orc knight, orc priest, orc warrior x4!
You mangle the orc warrior!!
You kill the orc warrior!
The orc warrior closely misses you.
The orc warrior hits you but does no damage.
The orc knight roars a battlecry!
The orcs go into a battle-frenzy!
You block the orc warrior's attack.
Danger x5: orc priest (strong), orc warrior (strong) x3, orc knight!
You claw the orc warrior!
The orc warrior hits you with a +0 glaive!
The orc warrior hits Daniel Ducassi with a +0 dire flail.
Danger x5: orc priest (strong), orc warrior (strong) x3, orc knight!
You scratch the orc warrior.
The orc warrior hits you with a +0 mace.
Daniel Ducassi hits the orc warrior with a +0 quarterstaff.
The orc hits Daniel Ducassi with a +0 hand axe!
Danger x5: orc priest (strong), orc warrior (strong) x3, orc knight!
You claw the orc warrior!
The orc warrior hits Daniel Ducassi with a +0 dire flail!
The orc priest calls upon Beogh to heal the orc knight.
The orc knight is healed somewhat.
The orc warrior hits you with a +0 glaive!
The orc warrior hits you with a +0 mace!!
* * * LOW HITPOINT WARNING * * *
Daniel Ducassi hits the orc warrior with a +0 quarterstaff!
Danger x5: orc priest (strong), orc warrior (strong) x3, orc knight!
The orc hits Daniel Ducassi with a +0 hand axe.
Daniel Ducassi hits the orc warrior but does no damage.
There is a staircase back to the Dungeon, spattered with blood here.
You see here 3 bolts.
Danger x5: orc priest (strong), orc warrior (strong) x3, orc knight!
The orc barely misses Daniel Ducassi.
The orc knight shoots a bolt.
The bolt hits you!!
* * * LOW HITPOINT WARNING * * *
You block the orc warrior's attack.
Daniel Ducassi casts a spell at the orc warrior.
The puff of frost hits the orc warrior.
The orc warrior hits you with a +0 glaive!!
You die...

#....$.....## ##
#...........## #.#
........#....##...
..................
..∩....$..#.....#
.......(.o#....#..
#.....o).R........
#.......ooo#.....
.......>o@...#..
..........)..(#
.............##
##...........#
##.....#....#
#.....##...##
.....# #.... .....
....##


You could see the friendly Daniel Ducassi the battlemage, an orc knight, 3 orc
warriors, an orc priest (strong) and an orc (strong).

Vanquished Creatures
  3 komodo dragons (D:9)
  A troll (Orc:1)
  Sigmund (D:5)
  A wyvern (D:9)
  A basilisk (D:9)
  An acid dragon (D:9)
  A water moccasin (D:9)
  An orc warrior (Orc:1)
  An ice beast (D:8)
  A black bear (D:7)
  2 necrophages
  2 phantoms (D:5)
  3 ogres
  2 centaurs
  2 big kobolds
  4 bullfrogs
  A water moccasin zombie (D:6)
  2 scorpions
  2 killer bees (D:8)
  8 wights
  5 howler monkeys
  2 quasits (D:7)
  2 jellies
  3 hounds
  4 orc priests
  12 orc wizards
  An iguana (D:9)
  Natasha (thrice) (D:3)
  6 worker ants
  7 mummies (Ossuary)
  A hound skeleton (D:4)
  11 adders
  4 gnolls (D:4)
  5 river rats
  3 shadow imps
  2 white imps
  2 ufetubi (D:6)
  2 oozes
  3 adder zombies
  An adder skeleton (D:5)
  4 worms
  4 dart slugs
  6 leopard geckos
  30 orcs
  A giant cockroach (D:5)
  6 goblins
  13 hobgoblins
  6 jackals (D:4)
  4 quokkas
  6 ball pythons
  17 bats
  7 frilled lizards
  2 gnoll zombies (Ossuary)
  A hobgoblin zombie (Ossuary)
  14 kobolds
  A kobold zombie (Ossuary)
  2 orc zombies (Ossuary)
  27 rats
  A spectral orc (D:9)
271 creatures vanquished.

Vanquished Creatures (collateral kills)
  A two-headed ogre (D:8)
  A phantom (D:9)
  A bullfrog (D:8)
  4 killer bees
  3 wights
  A howler monkey (D:8)
  A crimson imp (D:6)
  An orc priest (Orc:1)
  2 orc wizards (D:8)
  A bullfrog skeleton (D:7)
  An iguana (D:8)
  A worker ant (D:8)
  A hound skeleton (D:8)
  A mummy (Ossuary)
  An adder (D:9)
  A river rat (Sewer)
  A shadow imp (D:8)
  An ooze (Sewer)
  A leopard gecko (D:8)
  5 orcs
  2 jackals (D:4)
  4 kobolds
  5 ball pythons (Sewer)
  3 frilled lizards (Sewer)
  2 kobold zombies (Ossuary)
  A quokka zombie (D:8)
  6 rats (Sewer)
53 creatures vanquished.

Vanquished Creatures (others)
  A battlemage (Orc:1)
1 creature vanquished.

Grand Total: 325 creatures vanquished

Notes
Turn   | Place    | Note
-------+----------+-------------------------------------------
     0 | D:1      | jackrogers the Troll Fighter began the quest for the Orb.
     0 | D:1      | Reached XP level 1. HP: 22/22 MP: 0/0
    92 | D:1      | Reached XP level 2. HP: 29/29 MP: 1/1
   504 | D:1      | Reached skill level 3 in Unarmed Combat
   628 | D:1      | Reached XP level 3. HP: 36/36 MP: 2/2
   952 | D:2      | Reached skill level 3 in Shields
  1238 | D:2      | Reached XP level 4. HP: 44/44 MP: 3/3
  1476 | D:2      | Reached skill level 4 in Unarmed Combat
  1804 | D:3      | Noticed Natasha
  1810 | D:3      | Reached XP level 5. HP: 48/50 MP: 4/4
  1822 | D:3      | Killed Natasha
  1953 | D:3      | Noticed Natasha
  1956 | D:3      | Reached skill level 5 in Unarmed Combat
  1959 | D:3      | Killed Natasha
  2111 | D:3      | Reached XP level 6. HP: 59/59 MP: 5/5
  2166 | D:3      | Noticed Natasha
  2176 | D:3      | Killed Natasha
  2488 | D:4      | Reached skill level 4 in Shields
  2554 | D:4      | Got a transparent long sword
  2555 | D:4      | Identified the +11 long sword of Paper {pain, rElec rPois
                  | Str-5} (You found it on level 4 of the Dungeon)
  2579 | D:4      | Reached skill level 6 in Unarmed Combat
  2621 | D:4      | Found a blossoming altar of Fedhas.
  2640 | D:4      | Reached XP level 7. HP: 37/66 MP: 6/6
  2770 | D:4      | Reached skill level 7 in Unarmed Combat
  2776 | D:4      | Noticed Grinder
  2823 | D:4      | Found a staircase to the Ecumenical Temple.
  2840 | Temple   | Entered the Ecumenical Temple
  2867 | Temple   | Became a worshipper of Hepliaklqana the Forgotten
  3104 | D:4      | Found a bloodstained altar of Trog.
  3112 | D:4      | Found a glowing silver altar of Zin.
  3113 | D:4      | Found a broken altar of Ashenzari.
  3114 | D:4      | Found a snail-covered altar of Cheibriados.
  3417 | D:5      | Entered Level 5 of the Dungeon
  3601 | D:5      | Found a glowing golden altar of the Shining One.
  3662 | D:5      | Reached skill level 5 in Shields
  3705 | D:5      | Reached * piety under Hepliaklqana
  3841 | D:5      | Reached skill level 8 in Unarmed Combat
  3841 | D:5      | Reached XP level 8. HP: 59/66 MP: 7/7
  4068 | D:5      | Noticed Sigmund
  4077 | D:5      | Killed Sigmund
  4446 | D:6      | Reached skill level 9 in Unarmed Combat
  4527 | D:6      | Found a white marble altar of Elyvilon.
  4686 | D:6      | Found a sand-covered staircase.
  4691 | Ossuary  | Entered an ossuary
  4773 | Ossuary  | Reached skill level 6 in Shields
  4986 | D:6      | Found a glowing drain.
  5013 | Sewer    | Entered a sewer
  5138 | Sewer    | Reached ** piety under Hepliaklqana
  5277 | Sewer    | Reached XP level 9. HP: 61/72 MP: 8/8
  5333 | Sewer    | Remembered your ancestor Daniel Ducassi as a battlemage
  5371 | D:6      | Found a burning altar of Makhleb.
  5372 | D:6      | Found a radiant altar of Vehumet.
  5381 | D:6      | Reached skill level 10 in Unarmed Combat
  5770 | D:7      | You fall into a shaft and drop 1 floor!
  5811 | D:8      | Found a glowing golden altar of the Shining One.
  6010 | D:8      | Reached skill level 11 in Unarmed Combat
  6051 | D:8      | Noticed a two-headed ogre
  6057 | D:8      | Killed a two-headed ogre
  6058 | D:8      | Reached skill level 7 in Shields
  6154 | D:8      | Reached XP level 10. HP: 68/79 MP: 9/9
  6483 | D:8      | Reached *** piety under Hepliaklqana
  6679 | D:9      | Found a shimmering blue altar of Sif Muna.
  6821 | D:9      | Reached skill level 12 in Unarmed Combat
  7039 | D:9      | Found a staircase to the Lair.
  7253 | D:9      | Reached skill level 8 in Shields
  7316 | D:9      | Found an iron altar of Okawaru.
  7405 | D:9      | Found a basalt altar of Yredelemnul.
  7574 | D:10     | Entered Level 10 of the Dungeon
  7574 | D:10     | Found a staircase to the Orcish Mines.
  7625 | D:10     | Reached skill level 13 in Unarmed Combat
  7631 | Orc:1    | Entered Level 1 of the Orcish Mines
  7631 | Orc:1    | Found Nawout's Distillery.
  7685 | Orc:1    | Reached **** piety under Hepliaklqana
  7687 | Orc:1    | Noticed an orc knight
  7770 | Orc:1    | HP: 3/79 [orc knight/bolt (18)]
  7770 | Orc:1    | Annihilated by an orc warrior

Illustrated notes

Levels and vault maps discovered:
D:1:      matt_arrival_diagonals, layout_loops_ring, kennysheep_pointless_box,
          minmay_tetromino_i2
D:2:      layout_basic, minmay_tree_intersection, kennysheep_nub,
          kennysheep_generic_room_4
D:3:      layout_basic, uniq_natasha
D:4:      layout_rooms, fedhas_altar_2, minitemple, minmay_temple_entry_waves,
          uniq_grinder
D:5:      layout_basic, tso_metal_star, uniq_sigmund
D:6:      layout_rooms, grunt_temple_overflow_lords_of_destruction,
          overflow_temple_1_default, lightli_ossuary_entry_decrepit_ruins,
          portal_sewer_entry_c
D:7:      layout_loops_cross, grunt_gozag_breadcrumbs
D:8:      layout_basic, lemuel_crystal_altar
D:9:      layout_rooms, yredelemnul_forgotten_temple_becter, marbit_many_paths,
          kennysheep_mini, erik_lair_dragon, minmay_crystal_room,
          minivault_25_ag
D:10:     cheibrodos_barr_body, layout_long_grid, orc_0_dummy
Temple:   jpeg_temple_island
Orc:1:    layout_caves, serial_shops, shop

Skill      XL: |  1  2  3  4  5  6  7  8  9 10 |
---------------+-------------------------------+-----
Unarmed Combat | 3 4 5 6 8 9 11 13 | 13.1
Shields        | 3 4 5 6 7 8 |  8.4
Fighting       | |  2.4
Dodging        | |  2.4

Action                   |  1- 3 |  4- 6 |  7- 9 | 10-12 || total
-------------------------+-------+-------+-------+-------++-------
Melee: Unarmed           |   131 |   185 |   347 |   105 ||   768
Throw: Stone             |   101 |    80 |    54 |     4 ||   239
Invok: Ancestor Identity |       |       |     1 |       ||     1
       Recall Ancestor   |       |       |     1 |     2 ||     3
       Ancestor Life: Ba |       |       |     1 |       ||     1
  Use: Scroll            |     6 |     5 |     4 |     5 ||    20
 Stab: Distracted        |       |       |     3 |       ||     3
Armor: Robe              |    35 |    54 |   126 |     3 ||   218
       Acid dragon scale |       |       |       |    13 ||    13
Dodge: Dodged            |    38 |    46 |   125 |    37 ||   246
Block: Kite shield       |    58 |    75 |   178 |    70 ||   381

Table legend: (Time is in decaauts)
 A = Elapsed time spent in this place.
 B = Non-inter-level travel time spent in this place.
 C = Inter-level travel time spent in this place.
 D = Time resting spent in this place.
 E = Time spent auto-exploring this place.
 F = Levels seen in this place.
 G = Mean time per level.
                   A        B        C        D        E       F      G
               +--------+--------+--------+--------+--------+-----+--------+
         Total |   7836 |   7471 |    365 |    625 |   4684 |  14 |  559.7 |
       Dungeon |   6932 |   6593 |    339 |    625 |   4113 |  10 |  693.2 |
        Temple |    265 |    239 |     26 |      0 |    209 |   1 |  265.0 |
  Orcish Mines |     37 |     37 |      0 |      0 |      0 |   1 |   37.0 |
         Sewer |    361 |    361 |      0 |      0 |    209 |   1 |  361.0 |
       Ossuary |    240 |    240 |      0 |      0 |    152 |   1 |  240.0 |
               +--------+--------+--------+--------+--------+-----+--------+

Top non-repeatable levels by time:
     D:5: 980 daAuts
     D:2: 957 daAuts
     D:9: 948 daAuts
     D:1: 902 daAuts
     D:8: 831 daAuts
     D:4: 754 daAuts
     D:6: 715 daAuts
     D:3: 615 daAuts
   Sewer: 361 daAuts
  Temple: 265 daAuts
 Ossuary: 240 daAuts
    D:10: 152 daAuts
     D:7: 73 daAuts
   Orc:1: 37 daAuts

Table legend:
 A = Kills in this place as a percentage of kills in entire the game.
 B = Kills by you in this place as a percentage of kills by you in the entire game.
 C = Kills by friends in this place as a percentage of kills by friends in the entire game.
 D = Other kills in this place as a percentage of other kills in the entire game.
 E = Experience gained in this place as a percentage of experience gained in the entire game.
 F = Experience gained in this place divided by the number of levels of this place that you have seen.
                   A       B       C       D       E      F
               +-------+-------+-------+-------+-------+----------------------
         Total | 100.0 | 100.0 | 100.0 |   N/A | 100.0 | 677.6
       Dungeon |  78.1 |  81.9 |  58.5 |   N/A |  89.1 | 845.4
  Orcish Mines |   2.2 |   1.5 |   5.7 |   N/A |   5.8 | 548.0
         Sewer |  14.8 |  11.8 |  30.2 |   N/A |   3.5 | 332.0
       Ossuary |   4.9 |   4.8 |   5.7 |   N/A |   1.6 | 152.0
               +-------+-------+-------+-------+-------+----------------------
